 Dungeon Crawl Stone Soup version 0.17-a0-1301-ga863c44 (webtiles) character file.

160 RobertPalmer the Cudgeler (level 5, 0/53 (54) HPs)
             Began as an Ogre Chaos Knight on June 8, 2015.
             Slain by an orc wizard
             ... wielding a +0 hand axe
              (2 damage)
             ... on level 3 of the Dungeon.
             The game lasted 00:05:35 (2761 turns).

RobertPalmer the Cudgeler (Ogre Chaos Knight)       Turns: 2761, Time: 00:05:36

HP:   0/53 (54)     AC:  5    Str: 17    XL:     5   Next: 41%
MP:   5/5           EV: 10    Int: 12    God:    Xom [*.....]
Gold: 40            SH:  0    Dex:  9    Spells: 0 memorised, 4 levels left

rFire  . . .     SeeInvis .     a - +0 mace (chaos)
rCold  . . .     Clarity  .     b - +2 robe
rNeg   . . .     SustAt   .     (no shield)
rPois  +         Gourm    .     (helmet restricted)
rElec  .         Spirit   .     (no cloak)
rCorr  .         Warding  .     (gloves unavailable)
rMut   .         Stasis   .     (boots unavailable)
MR     .....                    (no amulet)
Stlth  +.........               (no ring)
                                i - ring of poison resistance {rPois, !d}

@: confused, non-regenerating, diseased, not resistant to hostile enchantments,
very unstealthy
A: unfitting armour, tough skin 1
a: Renounce Religion


You were on level 3 of the Dungeon.
You worshipped Xom.
You were a special plaything of Xom.
You were not hungry.

You visited 1 branch of the dungeon, and saw 3 of its levels.

You collected 40 gold pieces.

Inventory:

Hand weapons
 a - a +0 mace of chaos (weapon)
Missiles
 p - 43 stones (quivered)
 q - 4 curare-tipped needles
Armour
 b - a +2 robe (worn)
Magical staves
 f - an uncursed staff of summoning {unknown}
   (Xom gifted it to you on level 1 of the Dungeon)
Jewellery
 i - a ring of poison resistance (left hand) {rPois, !d}
   (You found it on level 2 of the Dungeon)
Magical devices
 g - a wand of polymorph (9)
   (You found it on level 3 of the Dungeon)
Scrolls
 e - a scroll of remove curse {unknown}
 h - 4 scrolls of identify
 k - a scroll of teleportation
Potions
 n - 2 potions of brilliance
Comestibles
 c - a bread ration {@e1}
 d - 2 fruits
 l - 3 chunks of flesh {@w0}
 o - a slice of pizza


   Skills:
 - Level 4.0 Fighting
 + Level 7.8 Maces & Flails
 - Level 2.1 Dodging


You had 4 spell levels left.
You didn't know any spells.

Dungeon Overview and Level Annotations

Branches:
Dungeon (3/15)

Altars:
Ru
The Shining One


Innate Abilities, Weirdness & Mutations

You are too large for most types of armour.
You have tough skin (AC +1).


Message History

The orc barely misses you.
Drink which item? (? for menu, Esc to quit)
It was a potion of brilliance.
You feel clever all of a sudden.
Xom thinks this is hilarious!
The orc closely misses you.
Drink which item? (? for menu, Esc to quit)
It was a potion of cancellation.
Your magical effects are unravelling.
You feel magically purged.
Xom roars with laughter!
You feel a little less clever now. The orc hits you with a dagger.
* * * LOW HITPOINT WARNING * * *
You take 3 damage, and have 12/53 hp.
Drink which item? (? for menu, Esc to quit)
It was a potion of ambrosia.
You are confused.
You feel invigorated. The orc priest barely misses you. Something hits you.
* * * LOW HITPOINT WARNING * * *
The orc hits you with a dagger.
* * * LOW HITPOINT WARNING * * *
You take 1 damage, and have 11/53 hp.
Unknown command.
Unknown command.
Unknown command.
You bump into the metal wall.
The orc priest hits you with a flail.
* * * LOW HITPOINT WARNING * * *
Something hits you.
* * * LOW HITPOINT WARNING * * *
The orc closely misses you.
You take 2 damage, and have 9/53 hp.
Unknown command.
You hit the orc priest but do no damage.
The orc priest closely misses you. The orc barely misses you.
Something hits you but does no damage.
You regained 3 hp, and now have 12/53 hp.
Unknown command.
You miss the orc priest.
The orc priest invokes the aid of Beogh against you.
Something smites you!
* * * LOW HITPOINT WARNING * * *
The orc hits you but does no damage.
You hear some strange, mumbled words.
You are more confused.
You take 8 damage, and have 4/53 hp.
You're too confused to move!
The orc priest misses you. The orc barely misses you.
You hear some strange, mumbled words.
You are more confused.
You regained 3 hp, and now have 7/53 hp.
Unknown command.
You bump into the translucent rock wall.
You hear Xom's maniacal laughter.
The orc's dagger dances into the air!
The orc hits you.
* * * LOW HITPOINT WARNING * * *
The orc priest hits you but does no damage.
Something hits you but does no damage.
Unknown command.
Unknown command.
Unknown command.
You're too confused to move! "Hum-dee-hum-dee-hum..."
The orc priest flickers and vanishes!
The orc closely misses you.
You regained 5 hp, and now have 12/53 hp.
You bump into the metal wall.
Something hits the orc.
Something hits you.
* * * LOW HITPOINT WARNING * * *
You hear something call down the wrath of Beogh upon you.
Pain shoots through your body!
* * * LOW HITPOINT WARNING * * *
The orc hits you but does no damage.
Something hits the orc!
The orc dies!
You take 3 damage, and have 9/53 hp.
Unknown command.
Unknown command.
Unknown command.
Drink which item? (? for menu, Esc to quit)
Okay, then.
You're too confused!
You regained 5 hp, and now have 14/53 hp.
Are you sure you want to stumble around while confused and next to your dagger?
Okay, then.
You feel less invigorated. Something hits you.
You regained 2 hp, and now have 16/53 hp.
You're too confused!
You hear some strange, mumbled prayers to Beogh.
You feel troubled.
You hear some strange, mumbled words.
Something tries to affect you, but you resist.
Something hits you.
* * * LOW HITPOINT WARNING * * *
Something barely misses your dagger. Something hits you!
* * * LOW HITPOINT WARNING * * *
You take 14 damage, and have 2/53 hp.
MASSIVE DAMAGE!!
Unknown command.
Unknown command.
Something hits you.
You die... "It's all fun and games until someone loses an eye."

##.#................
##..#............##.#
##..###...####....##.#
##oo##.##..####<...##.#
##..#ยง...##....#....##.#
#..##..#..##...#....##)#
#o..##..#.#..##...#...##.#
#..o###..#.(.#..###........(
### ##..#@#..##...#.#..#.#
##.{#..##.....#...#..
..##...##.............
.o##.##....##.#.#.##.
##..###.....#..#...##.
....#......#..#..###.
.#...#.........#..# #. #.
#.....#####..#..# #. #
#..............# #.


You could see an orc and a friendly dagger.

Vanquished Creatures
  Jessica (D:2)
  6 gnolls
  2 adders (D:2)
  A giant gecko (D:1)
  An orc (D:3)
  9 bats
  4 giant cockroaches
  5 goblins
  7 hobgoblins
  2 quokkas (D:2)
  7 giant newts
  6 kobolds
  9 rats
60 creatures vanquished.

Vanquished Creatures (collateral kills)
  An orc (D:3)
1 creature vanquished.

Grand Total: 61 creatures vanquished

Notes
Turn   | Place    | Note
--------------------------------------------------------------
     0 | D:1      | RobertPalmer the Ogre Chaos Knight began the quest for the Orb.
     0 | D:1      | Reached XP level 1. HP: 24/24 MP: 1/1
   119 | D:1      | XOM is BORED!
   119 | D:1      | XOM: harmless Conj miscast
   150 | D:1      | Reached XP level 2. HP: 32/32 MP: 2/2
   396 | D:1      | Reached skill level 5 in Maces & Flails
   535 | D:1      | XOM: god gift: gnarled glowing staff {god gift}
   854 | D:1      | Reached XP level 3. HP: 39/39 MP: 3/3
   930 | D:1      | XOM: divination: detect creatures
  1048 | D:2      | XOM is BORED!
  1048 | D:2      | XOM: mild Pois miscast
  1113 | D:2      | XOM: 1-stop teleportation journey
  1590 | D:2      | XOM: polymorph gnoll -> adder
  1603 | D:2      | XOM: snakes to sticks
  1657 | D:2      | XOM: swap monsters
  1664 | D:2      | Reached skill level 6 in Maces & Flails
  1869 | D:2      | Reached XP level 4. HP: 48/48 MP: 4/4
  1950 | D:2      | XOM: stat loss: -1 Str (16/17)
  1955 | D:2      | XOM: mild Ice miscast
  1964 | D:2      | XOM: harmless Ice miscast
  2294 | D:2      | XOM: noise
  2360 | D:2      | XOM: colour smoke trail
  2364 | D:2      | Noticed Jessica
  2368 | D:2      | Killed Jessica
  2368 | D:2      | Reached skill level 7 in Maces & Flails
  2368 | D:2      | Reached XP level 5. HP: 42/54 MP: 5/5
  2599 | D:3      | Found a sacrificial altar of Ru.
  2599 | D:3      | XOM: 4-stop teleportation journey
  2614 | D:3      | XOM: god gift: 22 stones
  2622 | D:3      | XOM: enchant monster (bad)
  2727 | D:3      | Found a glowing golden altar of the Shining One.
  2735 | D:3      | XOM: smoke on damage
  2741 | D:3      | XOM: noise
  2745 | D:3      | XOM: mild Necr miscast
  2747 | D:3      | HP: 12/53 [orc/dagger (3)]
  2751 | D:3      | HP: 4/53 [orc priest/divine providence (11)]
  2754 | D:3      | XOM: enchant monster (bad)
  2760 | D:3      | HP: 12/53 [something (4)]
  2760 | D:3      | HP: 2/53 [something (10)]
  2761 | D:3      | Slain by an orc wizard

Vault maps used:
D:1:      dpeg_cavernosity
D:2:      uniq_jessica
D:3:      tso_metal_star, kennysheep_vampire_church, hangedman_ru_absence,
          gup_sewer_entry_bubbles

Action                   |  1- 3 |  4- 6 || total
-------------------------+-------+-------++-------
Melee: Mace              |   123 |    68 ||   191
Throw: Stone             |       |     2 ||     2
Evoke: Wand              |       |     1 ||     1
  Use: Potion            |     1 |     3 ||     4
       Scroll            |       |     5 ||     5
 Stab: Paralysed         |     1 |       ||     1
       Sleeping          |       |     1 ||     1
  Eat: Chunk             |     3 |     3 ||     6

Vault maps used:
D:1:      dpeg_cavernosity
D:2:      uniq_jessica
D:3:      tso_metal_star, kennysheep_vampire_church, hangedman_ru_absence,
          gup_sewer_entry_bubbles

Table legend:
 A = Turns spent in this place as a percentage of turns spent in the entire game.
 B = Non-inter-level travel turns spent in this place as a percentage of non-inter-level travel turns spent in the entire game.
 C = Inter-level travel turns spent in this place as a percentage of turns spent in this place.
 D = Turns resting spent in this place as a percentage of non-inter-level travel turns spent in this place.
 E = Turns spent auto-exploring this place as a percentage of non-inter-level travel turns spent in this place.
 F = Non-inter-level travel turns spent in this place divided by the number of levels of this place that you've seen.
                   A       B       C       D       E      F
               +-------+-------+-------+-------+-------+----------------------
         Total | 100.0 | 100.0 |   0.7 |   1.7 |   8.4 | 296.3
       Dungeon | 100.0 | 100.0 |   0.7 |   1.7 |   8.4 | 296.3
               +-------+-------+-------+-------+-------+----------------------

Table legend:
 A = Kills in this place as a percentage of kills in entire the game.
 B = Kills by you in this place as a percentage of kills by you in the entire game.
 C = Kills by friends in this place as a percentage of kills by friends in the entire game.
 D = Other kills in this place as a percentage of other kills in the entire game.
 E = Experience gained in this place as a percentage of experience gained in the entire game.
 F = Experience gained in this place divided by the number of levels of this place that you have seen.
                   A       B       C       D       E      F
               +-------+-------+-------+-------+-------+----------------------
         Total | 100.0 | 100.0 | 100.0 |  -nan | 100.0 |  76.3
       Dungeon | 100.0 | 100.0 | 100.0 |  -nan | 100.0 |  76.3
               +-------+-------+-------+-------+-------+----------------------
